Map: Deathaura LE

Players

Serral - Winner!

  • Race: Zerg Zerg
  • Spawn Location: 5:00

SpeCial

  • Race: Terran Terran
  • Spawn Location: 11:00

Event: IEM Katowice 2021

VOD

Have the link to the VOD?

Description

Time

  • Played on: Feb. 23, 2021, 8:15 a.m.
  • Length: 12:21

All games in this series

Show
View Real Time Build Order
Export as new Build Order

Serral Zerg - Winner!

Build Orders: Hatch First, Muta Ling Bane 

Get SALT Encoding   

  12  0:00  Drone  
  13  0:12  Overlord  
  13  0:16  Drone  
  14  0:31  Drone x2  
  16  0:47  Hatchery  
  15  0:51  Drone  
  15  0:54  Drone  
  17  0:58  Drone  
  18  1:09  Extractor  
  17  1:14  Spawning Pool  
  17  1:18  Drone  
  17  1:22  Drone  
  18  1:28  Drone  
  19  1:38  Drone  
  20  1:49  Drone  
  21  2:01  Queen x2  
  21  2:02  Zergling x4  
  27  2:10  Overlord  
  27  2:12  Drone  
  28  2:19  Metabolic Boost  
  28  2:31  Hatchery  
  28  2:35  Drone x2  
  29  2:40  Drone x2  
  31  2:47  Queen  
  33  2:52  Overlord  
  33  2:56  Drone  
  34  2:59  Drone  
  34  3:00  Drone  
  36  3:12  Drone x4  
  40  3:13  Overlord  
  40  3:17  Drone  
  41  3:22  Drone  
  41  3:24  Queen  
  44  3:31  Queen  
  44  3:32  Overlord  
  46  3:40  Zergling x4, Drone x2  
  50  3:43  Queen  
  50  3:45  Drone  
  53  3:49  Zergling x2  
  53  3:50  Drone  
  53  3:51  Drone  
  56  3:59  Overlord  
  56  4:00  Drone, Queen  
  56  4:01  Drone  
  60  4:06  Zergling x2  
  60  4:08  Lair  
  61  4:11  Zergling x2  
  61  4:14  Drone x2  
  61  4:15  Overlord  
  64  4:19  Overlord, Extractor  
  63  4:25  Zergling x2  
  63  4:27  Drone x2  
  63  4:30  Baneling Nest  
  65  4:32  Drone  
  65  4:35  Zergling x2  
  65  4:37  Drone x3  
  65  4:38  Drone x2  
  72  4:44  Zergling x2  
  72  4:45  Extractor, Queen, Spore Crawler  
  72  4:50  Drone x4  
  72  4:52  Overlord  
  77  4:57  Drone  
  77  4:58  Drone  
  77  4:59  Spore Crawler  
  78  5:04  Drone x3  
  78  5:05  Drone  
  82  5:11  Drone x3  
  82  5:13  Drone x2  
  87  5:18  Zergling x2  
  87  5:20  Zergling x2  
  88  5:23  Drone  
  88  5:29  Extractor, Spire  
  88  5:31  Zergling x8  
  88  5:32  Spore Crawler  
  86  5:38  Zergling x4  
  86  5:40  Drone x2  
  87  5:47  Extractor x2, Drone  
  84  5:53  Hatchery, Drone x2  
  84  5:56  Drone  
  86  5:58  Overlord  
  86  5:59  Drone x4  
  86  6:01  Overlord  
  86  6:02  Overlord  
  90  6:08  Overlord  
  90  6:17  Drone x4  
  92  6:18  Drone  
  92  6:19  Drone  
  92  6:20  Drone  
  93  6:26  Drone  
  93  6:29  Drone x2  
  96  6:33  Overlord  
  96  6:35  Centrifical Hooks  
  96  6:37  Zergling x2  
  96  6:38  Zergling x4  
  99  6:46  Mutalisk x8  
  105  6:53  Evolution Chamber x2  
  113  6:54  Drone  
  113  6:55  Drone  
  113  6:56  Baneling x7  
  113  6:57  Baneling  
  115  7:02  Overlord  
  115  7:05  Drone x5  
  122  7:14  Zergling x8  
  122  7:15  Zergling x8  
  123  7:19  Queen  
  123  7:24  Zerg Flyer Weapons Level 1, Zerg Melee Weapons Level 1, Zerg Ground Armor Level 1  
  123  7:26  Drone  
  123  7:27  Drone x6  
  123  7:29  Extractor x2  
  127  7:32  Mutalisk x2  
  127  7:34  Overlord  
  131  7:41  Mutalisk  
  129  7:44  Drone x2  
  129  7:45  Drone x3  
  129  7:48  Overseer  
  129  7:49  Pneumatized Carapace  
  129  7:50  Zergling x2  
  129  7:51  Zergling x6  
  136  7:53  Baneling x4  
  136  7:54  Baneling  
  136  7:57  Zergling x8  
  138  8:00  Zergling x2  
  138  8:01  Zergling x8  
  138  8:02  Baneling x3  
  138  8:04  Hatchery, Overlord  
  142  8:08  Overlord  
  142  8:09  Mutalisk x2  
  147  8:12  Zergling x2  
  147  8:15  Baneling  
  147  8:16  Baneling x5  
  147  8:17  Zergling x6  
  147  8:18  Zergling x4, Overseer  
  152  8:20  Baneling  
  152  8:21  Baneling  
  152  8:22  Overlord x2  
  152  8:29  Zergling x2  
  152  8:30  Zergling x16  
  159  8:34  Zergling x6  
  159  8:39  Baneling x8  
  159  8:40  Overseer, Mutalisk x2  
  165  8:43  Baneling x2  
  165  8:47  Mutalisk  
  167  8:50  Overlord x2  
  167  8:51  Zergling x12  
  171  8:57  Zergling x8  
  175  9:08  Mutalisk x2  
  175  9:09  Mutalisk x2  
  177  9:14  Spore Crawler  
  175  9:19  Zergling x8  
  175  9:20  Zergling x8  
  175  9:21  Zerg Melee Weapons Level 2  
  165  9:27  Zerg Ground Armor Level 2  
  165  9:28  Zergling x4  
  165  9:29  Zergling x6  
  167  9:34  Queen  
  167  9:35  Drone x9, Infestation Pit  
  177  9:44  Mutalisk x2, Overlord  
  181  9:46  Zerg Flyer Weapons Level 2  
  181  9:48  Baneling x2  
  181  9:49  Zergling x2  
  181  9:50  Zergling x10  
  181  9:51  Zergling x2  
  188  9:54  Zergling x2  
  188  9:55  Zergling x2  
  188  9:58  Zergling x2  
  186  10:07  Drone  
  186  10:09  Zergling x22  
  186  10:10  Overlord  
  186  10:11  Spore Crawler  
  186  10:12  Hive  
  197  10:17  Baneling x17  
  197  10:18  Baneling  
  197  10:21  Drone  
  198  10:26  Zergling x2  
  198  10:27  Overseer  
  199  10:34  Baneling x2  
  199  10:37  Burrow  
  197  10:43  Baneling x16  
  197  10:44  Baneling  
  197  10:49  Extractor  
  196  10:50  Spine Crawler, Extractor  
  196  10:53  Drone x3  
  196  10:56  Hatchery  
  195  11:09  Baneling x6  
  192  11:14  Zergling x16  
  192  11:17  Hatchery  
  183  11:20  Zergling x34  
  183  11:21  Zergling x2  
  183  11:24  Zergling x2  
  183  11:25  Zergling x6  
  197  11:33  Ultralisk Cavern  
  197  11:37  Drone  
  197  11:39  Baneling x5  
  197  11:40  Baneling x24  
  195  11:49  Baneling x4  
  195  11:50  Baneling x7  
  195  11:52  Zergling x6  
  197  12:00  Zergling x2  
  197  12:01  Zergling x20  
Show
View Real Time Build Order
Export as new Build Order

SpeCial Terran 

Build Orders: Hellion Opening, Reaper Expand 

Get SALT Encoding   

  12  0:00  SCV  
  13  0:12  SCV  
  14  0:17  Supply Depot  
  14  0:24  SCV  
  15  0:38  SCV  
  15  0:39  Barracks  
  16  0:43  Refinery  
  16  0:50  SCV  
  17  1:03  SCV  
  18  1:15  SCV  
  19  1:27  Reaper, Orbital Command  
  20  1:39  Command Center  
  20  1:48  Supply Depot  
  20  1:53  SCV  
  21  1:59  Marine  
  22  2:05  SCV  
  22  2:08  Factory  
  23  2:14  Refinery  
  23  2:17  SCV  
  23  2:21  Barracks Reactor  
  24  2:29  SCV  
  25  2:41  SCV  
  26  2:52  Orbital Command  
  26  2:53  SCV  
  26  2:54  Starport  
  27  3:02  Hellion x2  
  27  3:03  Barracks Tech Lab  
  31  3:05  SCV  
  32  3:17  Supply Depot  
  32  3:18  SCV x2  
  34  3:25  Hellion x2  
  38  3:30  SCV x2  
  38  3:33  Marine  
  41  3:38  Raven  
  41  3:39  Supply Depot  
  43  3:42  SCV x2  
  43  3:46  Hellion x2  
  49  3:54  SCV x2  
  51  4:01  Supply Depot, Barracks Tech Lab  
  51  4:06  SCV x2  
  51  4:07  Hellion  
  51  4:08  Hellion  
  57  4:18  SCV x2  
  57  4:20  Raven  
  61  4:25  Supply Depot  
  61  4:30  SCV  
  61  4:31  SCV  
  65  4:38  Marine  
  64  4:41  Stimpack  
  64  4:44  SCV x2  
  66  4:48  Command Center  
  66  4:50  Barracks  
  66  4:54  Barracks  
  66  4:56  SCV, Marine  
  66  4:59  Factory Reactor  
  68  5:04  SCV  
  69  5:08  SCV  
  69  5:13  Marine  
  71  5:15  Starport Reactor, Engineering Bay x2  
  71  5:16  SCV  
  72  5:23  Refinery x2  
  72  5:25  SCV  
  72  5:27  Supply Depot  
  72  5:28  SCV  
  74  5:31  Marine  
  73  5:37  SCV, Marine  
  73  5:40  SCV  
  61  5:49  SCV, Marine  
  63  5:52  Barracks, Terran Infantry Weapons Level 1  
  63  5:53  Terran Infantry Armor Level 1  
  63  5:55  Barracks  
  63  5:56  Factory Reactor  
  63  5:57  Marine x2  
  63  5:58  Marine x2  
  63  6:00  SCV  
  63  6:01  SCV  
  69  6:07  Marine  
  69  6:08  Medivac x2  
  74  6:13  SCV  
  74  6:15  Marine x4  
  79  6:20  SCV  
  79  6:25  SCV, Marine  
  80  6:26  Combat Shield  
  80  6:27  Factory  
  80  6:33  SCV, Marine x4, Orbital Command  
  80  6:37  SCV  
  86  6:43  Marine  
  86  6:44  Widow Mine x2  
  86  6:45  Medivac x2, SCV  
  96  6:49  SCV, Supply Depot  
  96  6:50  Barracks Reactor, Refinery  
  96  6:51  Marine x2  
  96  6:52  Marine  
  98  6:56  Missile Turret  
  98  6:57  SCV, Missile Turret  
  98  6:58  SCV  
  98  6:59  Missile Turret  
  98  7:00  Marine  
  101  7:05  Supply Depot, Barracks Reactor  
  101  7:10  SCV x2  
  101  7:11  SCV  
  101  7:14  Widow Mine x2  
  108  7:19  Supply Depot  
  108  7:20  Armory  
  108  7:22  SCV  
  109  7:25  SCV  
  109  7:26  SCV, Marine x4  
  109  7:29  Medivac  
  116  7:30  Supply Depot  
  116  7:32  Supply Depot  
  116  7:34  Supply Depot  
  116  7:35  Marine x3  
  116  7:36  Medivac  
  121  7:42  Marine  
  121  7:43  Marine  
  121  7:44  Widow Mine x2, Marine x3  
  119  7:45  SCV  
  119  7:47  Marine  
  119  7:50  SCV  
  129  7:55  Marine x2  
  129  7:56  Marine  
  129  7:57  Widow Mine  
  135  8:00  SCV  
  135  8:06  Widow Mine  
  135  8:08  Widow Mine  
  135  8:09  Command Center  
  139  8:13  Drilling Claws, Marine  
  139  8:14  Marine x5  
  139  8:16  Marine  
  139  8:18  Widow Mine  
  148  8:21  Terran Infantry Weapons Level 2  
  148  8:22  Terran Infantry Armor Level 2  
  146  8:35  Widow Mine x2  
  146  8:39  Medivac  
  152  8:44  Marine  
  152  8:45  Marine x4  
  152  8:46  Supply Depot x2  
  157  8:52  Marine, Supply Depot  
  157  8:54  Supply Depot  
  156  8:56  Medivac  
  156  9:01  Marine  
  157  9:07  Thor, Marine  
  162  9:13  Marauder, Marine x3  
  162  9:16  Barracks x2  
  167  9:17  Barracks  
  167  9:23  Widow Mine x2  
  143  9:26  Medivac  
  143  9:29  Marine x4  
  143  9:30  Marine  
  150  9:31  Marine x2  
  150  9:34  SCV x2  
  150  9:35  Marauder  
  150  9:38  Marine  
  157  9:44  Supply Depot  
  157  9:47  Marine x5  
  157  9:48  Sensor Tower  
  157  9:49  Marine  
  157  9:51  SCV x2  
  157  9:52  SCV  
  166  9:56  Marauder  
  166  9:58  Planetary Fortress  
  166  10:01  Missile Turret  
  166  10:02  Starport Reactor  
  166  10:05  Marine  
  161  10:07  Widow Mine x2  
  161  10:12  Thor  
  169  10:17  Marauder  
  169  10:18  Marine x3  
  169  10:20  Marine  
  175  10:22  Barracks Tech Lab x2  
  175  10:26  Barracks Tech Lab  
  175  10:31  Marine x2  
  175  10:33  Widow Mine x2  
  181  10:39  Marauder  
  181  10:41  Missile Turret  
  181  10:42  Missile Turret  
  181  10:54  Widow Mine x2  
  181  10:55  Thor  
  191  10:59  Marauder  
  191  11:00  Marauder  
  191  11:03  Marauder, Marine x3  
  198  11:22  Command Center  
  196  11:26  Marine  
  196  11:30  Command Center  
  197  11:39  Supply Depot  
  197  11:45  Marine x5  
  197  11:46  Marauder  
  197  11:48  Marine  
  197  11:49  Marine  
  197  11:50  Command Center, Marine  
  197  11:52  Marine  
  197  11:57  Marauder  
  197  11:58  Widow Mine  
  197  11:59  Widow Mine, Marauder  
  185  12:03  Marine  

Tags
 
Add a new tag
Caveats
  • Supply blocks, unpowered buildings, or Contaminate may cause inaccurate times.
  • Supply counts are checked every 10 seconds.